 Dungeon Crawl Stone Soup version 0.31-a0-1074-g0b22e4e0f1 (webtiles) character file.

Game seed: 1614675962446326028

14 lunkers the Ruffian (level 2, -3/23 HPs)
             Began as a Meteoran Shapeshifter on Nov 29, 2023.
             Slain by a gnoll
             ... wielding a +0 whip
              (9 damage)
             ... on level 3 of the Dungeon.
             The game lasted 00:01:47 (498 turns).

lunkers the Ruffian (Meteoran Shapeshifter)          Turns: 498, Time: 00:01:48

Health: -3/23      AC:  5    Str: 15    XL:     2   Next: 76%
Magic:  3/3        EV: 11    Int: 11    God:
Gold:   64         SH:  0    Dex: 13    Spells: 1/1 levels left

rFire   . .          .
                       - Unarmed
rCold   . . .        (no shield)
rNeg    . . .        f - +0 ring mail
rPois   .            (helmet currently unavailable)
rElec   .            (cloak currently unavailable)
rCorr   .            (gloves currently unavailable)
SInv    .            (boots currently unavailable)
Will    .....        (no amulet)
Stlth   +            (no ring)
HPRegen 0.23/turn    (no ring)
MPRegen 0.08/turn

%: no passive effects
@: beast-form, glowing
A: beast (slay +2), sense surroundings 1, otherworldly, glowing, explore regen
a: Begin Untransformation


You were on level 3 of the Dungeon.
You were a hulking beast.
You visited 1 branch of the dungeon, and saw 3 of its levels.

You collected 64 gold pieces.

Inventory:

Armour
 a - a +0 animal skin
 f - a +0 ring mail (worn)
 g - a +0 kite shield
Talismans
 c - a beast talisman
 d - a flux talisman
Scrolls
 e - a scroll of identify {unknown}
 h - a scroll of vulnerability {unknown}
Potions
 b - a potion of lignification
 i - a potion of resistance {unknown}


   Skills:
 - Level 1.1 Fighting
 - Level 2.1 Dodging
 * Level 4.3 Unarmed Combat
 + Level 3.9 Shapeshifting


You had one spell level left.
You didn't know any spells.
Your spell library contained the following spells:

 Spells                   Type           Power      Damage    Failure   Level
 Necrotise                Necr           0%         1d4       56%         1
 Vampiric Draining        Necr           0%         2d6       91%         3
 Vhi's Electric Charge    Tloc/Air       0%         N/A       100%        4
 Agony                    Necr           0%         N/A       100%        5
 Arcjolt                  Conj/Air       0%         1d10      100%        5
 Plasma Beam              Fire/Air       0%         2x1d10    100%        6


Dungeon Overview and Level Annotations

Branches:
Dungeon (3/15) Zot: 1303

Altars:
Sif Muna


Innate Abilities, Weirdness & Mutations

You are a hulking beast.
Your limbs bulge with bestial killing power. (Slay +2)
You passively map a small area around you.
You are easily found by Zot.
You glow in the dark.
You regain HP and MP as you explore.


Message History

You see here a ball python corpse.
You now have 64 gold pieces (gained 11).
Found a club.
There is a stone staircase leading down here.
You climb downwards.
Found a shiny orb.
There is a stone staircase leading up here.
Found a smoky dark potion.
You see here an orb of energy.
i - a smoky dark potion A gnoll comes into view.
It is wielding a +0 club.
Found a hand axe.
Found a stone staircase leading up.
The gnoll shouts!
A gnoll is nearby!
A goblin comes into view. It is wielding a +0 club.
Found a stone staircase leading down.
A gnoll comes into view. It is wielding a +0 spear.
A gnoll comes into view. It is wielding a +0 whip.
The gnoll shouts!
The gnoll throws a throwing net.
The throwing net hits you.
You become entangled in the net!
You see here a throwing net.
You struggle against the net.
You struggle against the net.
The gnoll hits you from afar with a +0 spear.
The gnoll hits you with a +0 club!
You struggle against the net.
The gnoll hits you from afar with a +0 spear.
* * * LOW HITPOINT WARNING * * *
The gnoll hits you with a +0 club.
* * * LOW HITPOINT WARNING * * *
You shred the net and break free! The gnoll completely misses you.
The gnoll hits you with a +0 whip.
* * * LOW HITPOINT WARNING * * *
The gnoll barely misses you. The goblin attacks as it pursues you!
The goblin hits you but does no damage.
Unknown command.
Unknown command.
The gnoll attacks as it pursues you! The gnoll hits you with a +0 whip!
You die...

#..>#* #.#.#
#.#.## * #....
# #...###.#
#)......#,
#.g..####
######.......#
#.hg.gg........
#.######.......
#.#<# ....<..
#.#.# ....#.. ,
* #..[#
....+,., ,
#####, *....#
.## * ,


You could see 2 gnolls and a goblin.

Vanquished Creatures
  A worm (D:2)
  An endoplasm (D:2)
  A goblin (D:2)
  A hobgoblin (D:2)
  A kobold (D:1)
  3 ball pythons
  A bat (D:2)
  A frilled lizard (D:2)
  A rat (D:1)
11 creatures vanquished.

Notes
Turn   | Place    | Note
-------+----------+-------------------------------------------
     0 | D:1      | lunkers the Meteoran Shapeshifter began the quest for the
                  | Orb.
     0 | D:1      | Reached XP level 1. HP: 16/16 MP: 2/2
   193 | D:2      | Reached XP level 2. HP: 21/23 MP: 3/3
   195 | D:2      | Reached skill level 4 in Unarmed Combat
   249 | D:2      | Found a shimmering blue altar of Sif Muna.
   498 | D:3      | Slain by a gnoll

Illustrated notes

Levels and vault maps discovered:
D:1:      sevenhm_arrival_forest_fort_small_3, layout_basic,
          chequers_ecumenical_altar_simple_redux
D:2:      layout_loops_cross, basic_altar, serial_aquarium,
          aquarium_bridge_straight [aquarium_subvault_bridge,
          aquarium_subvault_window, aquarium_subvault_bridge,
          aquarium_subvault_wall], aquarium_bridge_square
          [aquarium_subvault_wall, aquarium_subvault_bridge,
          aquarium_subvault_bridge, aquarium_subvault_bridge],
          aquarium_window_2, aquarium_window_double, aquarium_window_corner,
          aquarium_view_2d, aquarium_view_2c, uniq_crazy_yiuf_cottage
D:3:      layout_basic, nicolae_overflow_squiral, mainiacjoe_overflow_alcove_4,
          serial_shops, nicolae_shop_rolling_square

Skill      XL: |  1  2 |
---------------+-------+-----
Unarmed Combat | 4 |  4.3
Fighting       | |  1.1
Dodging        | |  2.1
Shapeshifting  | |  3.9

Action                     || total
---------------------------++-------
  Melee: Unarmed           ||    22
         Punch             ||     1
 Armour: Animal skin       ||     7
         Ring mail         ||     9
  Dodge: Dodged            ||    12

Table legend: (Time is in decaauts)
 A = Elapsed time spent in this place.
 B = Non-inter-level travel time spent in this place.
 C = Inter-level travel time spent in this place.
 D = Time resting spent in this place.
 E = Time spent auto-exploring this place.
 F = Levels seen in this place.
 G = Mean time per level.
                   A        B        C        D        E       F      G
               +--------+--------+--------+--------+--------+-----+--------+
         Total |    495 |    495 |      0 |      0 |    338 |   3 |  165.0 |
       Dungeon |    495 |    495 |      0 |      0 |    338 |   3 |  165.0 |
               +--------+--------+--------+--------+--------+-----+--------+

Top non-repeatable levels by time:
     D:2: 286 daAuts
     D:1: 187 daAuts
     D:3: 21 daAuts
